cohdb
Replays
Latest Replays
All Replays
Popular Replays
Top Player Replays
Match Explorer
How It Works
Community
CoH3 Stats
Reddit
Sign in to upload your games and track your stats! →
Sign in with Steam
Match 41437233
Unlisted
Match 41437233
Overview
Messages
Build Orders
End
Selects Australian Defense Battlegroup
Selects Australian Light Infantry Section
Australian Light Infantry Section
Vickers Machine Gun Team
Australian Light Infantry Section
Australian Light Infantry Section
Construct Section Command Post
Selects Defensive Tactics
Construct Platoon Command Post
Infantry Training
Construct Field Infirmary
Selects CMP 15cwt Supply Run
Selects Reinforced Resource Caches
殘兵
Hidzaro
BigTiddyLebron
kreumat
0
0
Comments
sign in to comment!
No comments posted yet!